 Seeded DCSS version 0.29.1-4-g47bece8355 (webtiles) character file.

Game seed: 1 (custom seed)

7577 Kazon the Carver (level 10, -4/79 HPs)
             Began as a Demonspawn Berserker on Dec 9, 2022.
             Was a High Priest of Trog.
             Slain by a large abomination (23 damage)
             ... on level 1 of the Abyss.
             The game lasted 00:35:10 (6895 turns).

Kazon the Carver (Demonspawn Berserker)             Turns: 6895, Time: 00:35:10

Health: -4/79      AC: 15    Str: 19    XL:     10   Next: 97%
Magic:  8/10       EV: 13    Int: 10    God:    Trog [*****.]
Gold:   415        SH:  4    Dex: 11    Spells: 9/9 levels left

rFire   . . .      SeeInvis +   s - +3 falchion of Winter {venom, rCorr}
rCold   + + .      Faith    .   c - +0 buckler
rNeg    + . .      Spirit   .   E - +3 leather armour {rC+}
rPois   .          Reflect  .   j - +0 helmet
rElec   .          Harm     .   z - +1 cloak of Magh {+Blink Regen+ Dex-3 SInv}
rCorr   +          Rampage  .   (no gloves)
Will    ++...                   k - +2 pair of boots
Stlth   ++........              d - amulet of the acrobat
HPRegen 2.03/turn               r - ring of positive energy
MPRegen 0.12/turn               D - ring of protection from cold

@: strong-willed, on berserk cooldown, regenerating, slowed, very slow
A: claws 2, yellow scales 1, powered by death 1, spiny 2
a: Renounce Religion, Evoke Blink, Berserk, Trog's Hand, Brothers in Arms


You were on level 1 of the Abyss.
You worshipped Trog.
Trog was extremely pleased with you.
You visited 1 branch of the dungeon, and saw 10 of its levels.
You visited the Abyss 1 time.

You collected 641 gold pieces.
You spent 226 gold pieces at shops.

Inventory:

Hand Weapons
 e - a +2 dagger of venom
 s - the +3 falchion of Winter (weapon) {venom, rCorr}
   (You bought it in a shop on level 3 of the Dungeon)

   It poisons the flesh of those it strikes.
   rCorr:     It protects you from acid and corrosion.
Missiles
 h - 8 stones
 n - 14 boomerangs
 w - a throwing net
 B - 3 curare-tipped darts
 I - 8 poisoned darts
Armour
 c - a +0 buckler (worn)
 j - a +0 helmet (worn)
 k - a +2 pair of boots (worn)
 z - the +1 cloak of Magh (worn) {+Blink Regen+ Dex-3 SInv}
   (You acquired it on level 1 of the Dungeon)

   Dex:       It affects your dexterity (-3).
   SInv:      It lets you see invisible.
   +Blink:    It lets you blink.
   Regen:     It increases your rate of health regeneration.
 E - a +3 leather armour of cold resistance (worn)
Jewellery
 d - an amulet of the acrobat (around neck)
 r - a ring of positive energy (left claw)
 D - a ring of protection from cold (right claw)
 O - a ring of protection from cold
Wands
 y - a wand of mindburst (20)
 C - a wand of flame (10) (quivered)
 K - a wand of paralysis (13)
 L - a wand of roots (6)
Scrolls
 b - 2 scrolls of enchant weapon {unknown}
 i - 7 scrolls of identify
 m - 2 scrolls of immolation {unknown}
 p - a scroll of poison {unknown}
 q - 3 scrolls of fog {unknown}
 t - 2 scrolls of noise {unknown}
 u - a scroll of magic mapping {unknown}
 x - 3 scrolls of teleportation
 J - 3 scrolls of fear
 M - a scroll of summoning {unknown}
 P - a scroll of amnesia {unknown}
Potions
 a - 2 potions of ambrosia {unknown}
 f - 2 potions of flight
 g - 4 potions of attraction {unknown}
 l - 4 potions of berserk rage
 o - 2 potions of haste
 v - 5 potions of lignification
 A - 2 potions of cancellation
 F - a potion of magic
 G - 2 potions of curing
 H - a potion of might
Miscellaneous
 N - a condenser vane


   Skills:
 + Level 7.1 Fighting
 + Level 3.2(6.0) Short Blades
 + Level 8.0(8.3) Long Blades
 + Level 5.1 Throwing
 + Level 4.3 Armour
 + Level 5.6 Dodging
 + Level 5.1 Stealth
 + Level 4.1 Shields
 * Level 7.1 Evocations


You had 9 spell levels left.
You didn't know any spells.
Your spell library was empty.

Dungeon Overview and Level Annotations

Branches:
Dungeon (10/15)            Temple (0/1) D:7
   Lair: D:8-11         Orc: D:9-12

Altars:
Hepliaklqana
Uskayaw

Shops:
D:3 (   D:8 ?(==

Annotations:
D:10 Erolcha


Innate Abilities, Weirdness & Mutations

You have very sharp fingernails.
You are partially covered in yellow scales. (AC +2)
You regenerate a little health from kills.
You are mostly covered in sharp spines.


Message History

You feel the effects of Trog's Hand fading.
The starcursed mass shrieks in your mind.
Your skin stops crawling.
You feel less strong-willed.
A starcursed mass splits.
A starcursed mass splits.
Aiming: Throw Flame
Press: ? - help, Q - select action, (/) - cycle Shift-Dir - straight line, f - starcursed mass
Aim: a starcursed mass (100% to hit)
The puff of flame hits the starcursed mass.
The starcursed mass is lightly damaged.
The starcursed mass shudders and is absorbed by its neighbour.
Your skin crawls.
You feel strong-willed.
A starcursed mass splits.
The large abomination is struck by your spines.
The large abomination hits you but does no damage.
A chorus of shrieks assaults your mind.
You hit the large abomination.
The large abomination is lightly damaged.
A chorus of shrieks assaults your mind. The large abomination hits you!!
You hit the large abomination but do no damage.
The large abomination is lightly damaged.
A chorus of shrieks assaults your mind.
* * * LOW HITPOINT WARNING * * *
The large abomination hits you but does no damage.
You hit the large abomination but do no damage.
The large abomination is lightly damaged.
You block the large abomination's attack.
You hit the large abomination but do no damage.
The large abomination is lightly damaged.
The large abomination closely misses you.
A starcursed mass splits.
The large abomination barely misses you.
You hit the large abomination.
The large abomination is lightly damaged.
A chorus of shrieks assaults your mind.
* * * LOW HITPOINT WARNING * * *
The large abomination hits you!!
You die...

#. X.X.. ...#.#
.X... . # ..# ...
..## .## #...# .
# # . # .# ....#
.#.# ##.X.# # #
####X#.#. #. #
#@XXX### #
##..#####.### .
#.###.# ## . #.##
# ##..# ## ..#
...## ##.#..#
..#..###.#..##...
# .#
##......#..##
###.#.. #... # .#
# . .#.. .. # .#


You could see 3 starcursed masses and a large abomination.

Vanquished Creatures
  A two-headed ogre (D:9)
  A worldbinder (Abyss:1)
  Maggie (D:6)
  Prince Ribbit (D:9)
  A shadow (D:9)
  A vampire (D:10)
  A yak (D:6)
  2 wyverns
  Eustachio (D:5)
  2 steam dragons
  A chaos spawn (Abyss:1)
  Menkaure (D:5)
  Edmund (D:6)
  4 water moccasins
  4 orc warriors
  An ice beast (D:8)
  5 sky beasts
  2 black bears (D:6)
  4 centaurs
  An ogre (D:6)
  2 phantoms (D:6)
  2 kobold brigands
  3 necrophages
  A bullfrog (D:7)
  A gnoll sergeant (D:7)
  5 scorpions
  14 wights
  A howler monkey (D:5)
  2 jellies (D:6)
  A hound (D:4)
  7 orc priests
  A gnoll bouda (D:7)
  6 iguanas
  2 orc wizards (D:9)
  Robin (D:3)
  15 gnolls
  13 adders
  3 shadow imps
  2 white imps (D:7)
  An ufetubus (D:5)
  3 worms
  34 orcs
  11 endoplasms
  A giant cockroach (D:1)
  16 goblins
  9 hobgoblins
  A jackal (D:4)
  17 kobolds
  A quokka (D:1)
  5 ball pythons
  4 bats
  3 frilled lizards
  6 rats
230 creatures vanquished.

Notes
Turn   | Place    | Note
-------+----------+-------------------------------------------
     0 | D:1      | Kazon the Demonspawn Berserker began the quest for the Orb.
     0 | D:1      | Reached XP level 1. HP: 18/18 MP: 1/1
    32 | D:1      | Identified a scroll of acquirement
    33 | D:1      | Acquired the +1 cloak of Magh {+Blink Regen+ Dex-3 SInv}
   173 | D:1      | Gained mutation: You are partially covered in sharp spines.
                  | [demonic ancestry]
   173 | D:1      | Reached XP level 2. HP: 24/24 MP: 2/2
   175 | D:1      | Reached skill level 3 in Long Blades
   877 | D:2      | Gained mutation: You regenerate a little health from kills.
                  | [demonic ancestry]
   877 | D:2      | Reached XP level 3. HP: 29/29 MP: 3/3
  1159 | D:2      | Reached ** piety under Trog
  1160 | D:2      | Reached skill level 1 in Throwing
  1204 | D:2      | Reached XP level 4. HP: 28/36 MP: 4/4
  1314 | D:3      | Found Umat's Antique Weapon Boutique.
  1343 | D:3      | Bought a crude falchion for 184 gold pieces
  1343 | D:3      | Identified the +3 falchion of Winter {venom, rCorr} (You
                  | bought it in a shop on level 3 of the Dungeon)
  1384 | D:3      | Noticed Robin
  1387 | D:3      | Reached skill level 1 in Evocations
  1409 | D:3      | Killed Robin
  1433 | D:3      | Reached skill level 5 in Fighting
  1433 | D:3      | Reached skill level 5 in Long Blades
  1433 | D:3      | Reached XP level 5. HP: 44/44 MP: 5/5
  1490 | D:3      | Reached XP level 6. HP: 42/51 MP: 6/6
  2171 | D:4      | Reached *** piety under Trog
  2468 | D:4      | Found a hazy altar of Hepliaklqana.
  2608 | D:4      | Gained mutation: You have sharp fingernails. [demonic
                  | ancestry]
  2608 | D:4      | Reached XP level 7. HP: 41/56 MP: 7/7
  2766 | D:5      | Entered Level 5 of the Dungeon
  2918 | D:5      | Noticed Eustachio
  2929 | D:5      | Killed Eustachio
  3095 | D:5      | Gained mutation: You have very sharp fingernails. [demonic
                  | ancestry]
  3095 | D:5      | Reached XP level 8. HP: 63/63 MP: 8/8
  3179 | D:5      | Noticed Menkaure
  3190 | D:5      | Killed Menkaure
  3322 | D:5      | Reached skill level 5 in Evocations
  3662 | D:6      | Noticed Maggie
  3668 | D:6      | Reached skill level 6 in Long Blades
  3681 | D:6      | Killed Maggie
  3682 | D:6      | Reached skill level 5 in Dodging
  3701 | D:6      | Reached **** piety under Trog
  3709 | D:6      | Gained mutation: You are mostly covered in sharp spines.
                  | [demonic ancestry]
  3709 | D:6      | Reached XP level 9. HP: 68/68 MP: 9/9
  3898 | D:6      | Noticed Edmund
  3917 | D:6      | Killed Edmund
  4349 | D:6      | Reached skill level 7 in Long Blades
  4381 | D:6      | Reached skill level 5 in Stealth
  4562 | D:7      | Gained mutation: You are partially covered in yellow
                  | scales. (AC +2) [demonic ancestry]
  4562 | D:7      | Reached XP level 10. HP: 65/77 MP: 10/10
  4570 | D:7      | Reached ***** piety under Trog
  4872 | D:7      | Found a staircase to the Ecumenical Temple.
  4948 | D:7      | Found a hide-covered altar of Uskayaw.
  5197 | D:8      | Found Esumer's Weapon Shop.
  5360 | D:8      | Found Quzidd's Magic Scroll Emporium.
  5385 | D:8      | Bought a scroll of teleportation for 42 gold pieces
  5661 | D:8      | Found Heidghoki's Jewellery Shop.
  5703 | D:8      | Found Zoxtaeshakh's Jewellery Boutique.
  6401 | D:9      | Noticed Prince Ribbit
  6413 | D:9      | Killed Prince Ribbit
  6660 | D:9      | Noticed a two-headed ogre
  6675 | D:9      | Killed a two-headed ogre
  6676 | D:9      | Reached skill level 5 in Throwing
  6707 | D:10     | Entered Level 10 of the Dungeon
  6822 | D:10     | Noticed Erolcha
  6822 | Abyss:1  | Cast into level 1 of the Abyss (Erolcha)
  6847 | Abyss:1  | Noticed a worldbinder
  6852 | Abyss:1  | Noticed a mana viper
  6852 | Abyss:1  | Noticed a naga warrior
  6853 | Abyss:1  | Noticed a black mamba
  6857 | Abyss:1  | Noticed a naga warrior
  6858 | Abyss:1  | Noticed a black mamba
  6858 | Abyss:1  | Noticed a black mamba
  6861 | Abyss:1  | Killed a worldbinder
  6862 | Abyss:1  | Reached skill level 8 in Long Blades
  6882 | Abyss:1  | Noticed a smoke demon
  6882 | Abyss:1  | Noticed a large abomination
  6882 | Abyss:1  | Noticed a starcursed mass
  6882 | Abyss:1  | Noticed a thrashing horror
  6882 | Abyss:1  | Noticed a large abomination
  6895 | Abyss:1  | Slain by a large abomination

Illustrated notes

Levels and vault maps discovered:
D:1:      dpeg_arrival_three_smaller_balls, layout_basic
D:2:      layout_loops_ring
D:3:      layout_basic, serial_shops, nicolae_shop_stone, st_stairs_9,
          minmay_misc_feat_doors, eino_curves_03, uniq_robin
D:4:      minmay_wonky_spiral, layout_basic,
          mainiacjoe_overflow_surrounded_room, minivault_5
D:5:      layout_cave_pods, uniq_menkaure, uniq_eustachio
D:6:      cheibrodos_barr_body, layout_basic, minmay_crystal_room,
          minmay_pentangle, uniq_maggie, uniq_edmund
D:7:      layout_cave_pools, nicolae_uskayaw_murder_on_the_dancefloor,
          elyvilon_altar_4, minmay_temple_entry_purple_smoke
D:8:      layout_basic, serial_shops, shop_statue, kennysheep_little_box, shop,
          nicolae_shop_window_shopping
D:9:      layout_cave_pools, uniq_prince_ribbit1
D:10:     layout_stronghold, erik_lair_island, serial_shops,
          nicolae_shop_statue_plus, uniq_erolcha
Abyss:1:  base: D:6, minivault_28

Skill      XL: |  1  2  3  4  5  6  7  8  9 10 |
---------------+-------------------------------+-----
Long Blades    | 3 5 6 7 8 |  8.0
Throwing       | 1 3 4 5 |  5.1
Armour         | 2 3 4 |  4.3
Evocations     | 3 4 5 6 7 |  7.1
Dodging        | 4 5 |  5.6
Fighting       | 5 6 7 |  7.1
Short Blades   | 3 |  3.2
Stealth        | 3 4 5 |  5.1
Shields        | 3 4 |  4.1

Action                   |  1- 3 |  4- 6 |  7- 9 | 10-12 || total
-------------------------+-------+-------+-------+-------++-------
Melee: Falchion          |    60 |    81 |   279 |   201 ||   621
       Dagger            |    10 |     3 |       |     3 ||    16
Throw: Stone             |     8 |    14 |    60 |    27 ||   109
       Boomerang         |       |       |       |    42 ||    42
       Dart              |       |       |       |    11 ||    11
Invok: Berserk           |       |       |     2 |     3 ||     5
       Trog's Hand       |       |       |       |     2 ||     2
Evoke: Wand              |       |       |       |     2 ||     2
  Use: Scroll            |     1 |     1 |     6 |     1 ||     9
       Potion            |       |     1 |     3 |       ||     4
 Stab: Sleeping          |       |     7 |     8 |     1 ||    16
Armor: Animal skin       |    13 |    22 |    19 |       ||    54
       Leather armour    |       |       |    56 |    52 ||   108
Dodge: Dodged            |    43 |    41 |   137 |   105 ||   326
Block: Buckler           |       |       |    41 |    45 ||    86
